 Dungeon Crawl Stone Soup version 0.17-a0-725-gfa8c127 (webtiles) character file.

4703 Trafet the Nimble (level 10, -2/76 HPs)
             Began as a Human Necromancer on Apr 21, 2015.
             Was a Believer of Ashenzari.
             Slain by a killer bee (3 damage)
             ... on level 10 of the Dungeon.
             The game lasted 00:52:20 (13211 turns).

Trafet the Nimble (Human Necromancer)              Turns: 13211, Time: 00:52:20

Health: -2/76      AC: 10    Str: 12    XL:     10   Next: 72%
Magic:  1/20       EV: 16    Int: 18    God:    Ashenzari [**....]
Gold:   490        SH:  0    Dex: 13    Spells: 4 memorised, 14 levels left

rFire  . . .     SeeInvis .     I - +2 mace (protect) (curse)
rCold  . . .     Clarity  .     q - +0 leather armour (curse)
rNeg   . . .     SustAb   .     (no shield)
rPois  .         Gourm    .     (helmet restricted)
rElec  .         Spirit   .     u - +0 cloak (curse)
rCorr  .         Warding  .     h - +0 pair of gloves (curse)
rMut   .         Stasis   .     (no boots)
MR     .....                    (no amulet)
Stlth  ++........               (no ring)
                                (no ring)

@: lethally poisoned (-2 -> -8), hasted, very quick, not resistant to hostile
enchantments, unstealthy
A: antennae 1, strong 1
a: Scrying, Renounce Religion


You were on level 10 of the Dungeon.
You worshipped Ashenzari.
Ashenzari was pleased with you.
You were very hungry.

You visited 1 branch of the dungeon, and saw 10 of its levels.

You collected 490 gold pieces.

Inventory:

Hand weapons
 k - a +2 dagger of venom
 I - a cursed +2 mace of protection (weapon)
 M - a +1 hunting sling of freezing
 Q - a +0 shortbow
 V - a +0 blowgun
 X - a +2 short sword of electrocution
Missiles
 f - 364 stones (quivered)
 l - 60 sling bullets
 n - 39 poisoned needles
 s - 2 curare-tipped needles
 F - 119 arrows
 L - 5 tomahawks
 O - a throwing net
Armour
 a - a +0 robe
 e - a cursed +0 helmet
 h - a cursed +0 pair of gloves (worn)
 j - a +2 cloak
 q - a cursed +0 leather armour (worn)
 u - a cursed +0 cloak (worn)
 B - a +0 shield
Magical staves
 w - an uncursed staff of wizardry
Magical devices
 x - a wand of random effects (27)
 D - a wand of slowing (17)
 H - a wand of paralysis (19)
 Z - a wand of teleportation (5)
Scrolls
 d - a scroll of acquirement {unknown}
 g - 6 scrolls of identify
 o - a scroll of enchant armour {unknown}
 t - 2 scrolls of immolation {unknown}
 y - 2 scrolls of blinking {unknown}
 A - a scroll of magic mapping {unknown}
 K - a scroll of recharging {unknown}
 N - a scroll of random uselessness
 P - 5 scrolls of curse jewellery
 U - 2 scrolls of curse weapon
 W - 2 scrolls of amnesia {unknown}
Potions
 p - a potion of resistance
 r - 2 potions of brilliance
 z - 2 potions of poison
 G - 2 potions of haste
 J - a potion of lignification {unknown}
 T - a potion of restore abilities {unknown}
Books
 b - a book of Necromancy

   Spells                             Type                      Level
   a - Pain                           Necromancy                   1
   b - Animate Skeleton               Necromancy                   1
   c - Vampiric Draining              Necromancy                   3
   d - Regeneration                   Charms/Necromancy            3
   e - Animate Dead                   Necromancy                   4
   f - Control Undead                 Necromancy                   4
 S - a book of Envenomations

   Spells                             Type                      Level
   a - Spider Form                    Transmutation/Poison         3
   b - Alistair's Intoxication        Transmutation/Poison         4
   c - Olgreb's Toxic Radiance        Poison                       4
   d - Poisonous Cloud                Conjuration/Poison/Air       6
 Y - a book of Spatial Translocations

   Spells                             Type                      Level
   a - Apportation                    Translocation                1
   b - Blink                          Translocation                2
   c - Shroud of Golubria             Charms/Translocation         2
   d - Portal Projectile              Translocation                3
   e - Teleport Other                 Translocation                3
   f - Passage of Golubria            Translocation                4
Miscellaneous
 C - a phial of floods (inert)
Comestibles
 c - 7 bread rations
 i - 5 meat rations
 m - 7 slices of pizza
 R - 4 fruits


   Skills:
 + Level 5.7 Fighting
 - Level 2.5 Short Blades
 + Level 9.0 Dodging
 - Level 2.0 Stealth
 - Level 7.1 Spellcasting
 - Level 8.3 Necromancy


You had 14 spell levels left.
You knew the following spells:

 Your Spells              Type           Power        Failure   Level  Hunger
a - Pain                  Necr           ####         1%          1    None
b - Animate Skeleton      Necr           N/A          1%          1    None
c - Animate Dead          Necr           N/A          4%          4    ####...
d - Regeneration          Chrm/Necr      ###.......   10%         3    ##.....


Dungeon Overview and Level Annotations

Branches:
Dungeon (10/15)            Temple (0/1) D:6             Orc (0/4) D:10
   Lair: D:8-11

Altars:
Ashenzari
Cheibriados
Sif Muna
Vehumet
Xom
Zin
The Shining One

Shops:
D:6 %   D:7 [   D:10 *


Innate Abilities, Weirdness & Mutations

You have a pair of small antennae on your head.
Your muscles are strong. (Str +2)


Message History

You feel sick. The killer bee closely misses you.
The killer bee closely misses you.
Drink which item? (? for menu, Esc to quit)
It was a potion of poison.
You feel slightly nauseous.
* * * LOW HITPOINT WARNING * * *
You feel sick.
The killer bee stings you but does no damage. x2
Drink which item? (? for menu, Esc to quit)
It was a potion of cancellation.
Your magical effects are unravelling.
You feel magically purged.
Your resistance to elements expires.
You feel a little less clever now.
* * * LOW HITPOINT WARNING * * *
You feel sick. The killer bee barely misses you.
The killer bee stings you but does no damage.
Drink which item? (? for menu, Esc to quit)
It was a potion of haste.
You feel yourself speed up.
* * * LOW HITPOINT WARNING * * *
You feel sick. The killer bee stings you.
You die...

.## * y....># .####### .....#
......... + ....# .#######* ,
...* , .# * #'# .# #.# .# #.# *
.# #y# ###+## .# #@# #......
.##### #######'## #.......
.....#####........# #.......#
........##........# #.......#
.....##.##........# ###.......#
...<.##.##........###.'[......#
.....##.##..<.....##..#.......#
.....##.##........#..##.......#
##.####.##........'.###.......#


You could see a killer bee.

Vanquished Creatures
  An unseen horror (D:10)
  A centaur zombie (D:10)
  Maurice (D:8)
  A centaur skeleton (D:7)
  A trapdoor spider (D:10)
  A hungry ghost (D:9)
  2 orc warriors
  A necrophage (D:8)
  2 centaurs
  An ice beast (D:7)
  3 ogres
  A sky beast (D:5)
  A gnoll sergeant (D:8)
  2 big kobolds
  5 giant frogs
  5 killer bees (D:10)
  2 scorpions
  A crimson imp (D:9)
  4 hounds
  A lava snake (D:8)
  2 giant frog zombies
  3 orc priests
  Ijyb (D:3)
  6 orc wizards
  Natasha (thrice) (D:3)
  6 worker ants
  2 iguanas
  A worker ant zombie (D:4)
  4 gnolls (D:8)
  3 shadow imps
  15 adders
  An ooze (D:2)
  An adder skeleton (D:9)
  6 worms
  4 giant geckos
  18 orcs
  2 bat skeletons (D:7)
  A bat zombie (D:5)
  4 giant cockroaches
  21 goblins
  22 hobgoblins
  15 jackals
  3 quokkas
  15 bats
  5 giant newts
  29 kobolds
  A quokka zombie (D:6)
  8 rats
  3 ballistomycetes (D:6)
  2 butterflies (D:2)
244 creatures vanquished.

Vanquished Creatures (collateral kills)
  An ogre (D:9)
  A crimson imp (D:7)
  A giant frog skeleton (D:4)
  An adder zombie (D:8)
  An orc (D:9)
  A rat (D:8)
  A butterfly (D:6)
7 creatures vanquished.

Vanquished Creatures (others)
  An ice beast (D:6)
  An orc (D:6)
  2 giant spores (D:6)
4 creatures vanquished.

Grand Total: 255 creatures vanquished

Notes
Turn   | Place    | Note
--------------------------------------------------------------
     0 | D:1      | Trafet, the Human Necromancer, began the quest for the Orb.
     0 | D:1      | Reached XP level 1. HP: 13/13 MP: 3/3
    59 | D:1      | Learned a level 1 spell: Animate Skeleton
   132 | D:1      | Reached skill level 1 in Fighting
   381 | D:1      | Reached XP level 2. HP: 21/21 MP: 3/5
  1269 | D:1      | Reached XP level 3. HP: 25/27 MP: 2/6
  1844 | D:2      | Reached XP level 4. HP: 30/33 MP: 3/7
  2308 | D:2      | Found a shimmering altar of Xom.
  2576 | D:3      | Found a shattered altar of Ashenzari.
  2854 | D:2      | Learned a level 4 spell: Animate Dead
  3125 | D:3      | Reached XP level 5. HP: 32/39 MP: 0/8
  3581 | D:3      | Noticed Natasha
  3595 | D:3      | Killed Natasha
  3595 | D:3      | Reached skill level 5 in Necromancy
  3603 | D:3      | Noticed Natasha
  3679 | D:3      | Your ally Natasha died
  3681 | D:3      | Killed Natasha
  3807 | D:3      | Noticed Natasha
  3808 | D:3      | Killed Natasha
  3931 | D:3      | Your ally Natasha died
  4087 | D:3      | Noticed Ijyb
  4095 | D:3      | Killed Ijyb
  4095 | D:3      | Reached XP level 6. HP: 38/46 MP: 2/10
  4556 | D:4      | Found a radiant altar of Vehumet.
  4973 | D:4      | Reached XP level 7. HP: 41/51 MP: 4/12
  5409 | D:4      | Noticed an ogre
  5429 | D:4      | Killed an ogre
  5429 | D:4      | Reached skill level 6 in Necromancy
  5571 | D:4      | Found a glowing silver altar of Zin.
  5571 | D:4      | Found a glowing golden altar of the Shining One.
  5768 | D:3      | Became a worshipper of Ashenzari the Shackled
  6019 | D:5      | Entered Level 5 of the Dungeon
  6451 | D:5      | Reached XP level 8. HP: 53/57 MP: 9/15
  6498 | D:5      | Found a snail-covered altar of Cheibriados.
  7040 | D:6      | Found a staircase to the Ecumenical Temple.
  7068 | D:6      | Learned a level 3 spell: Regeneration
  7119 | D:6      | Reached skill level 5 in Spellcasting
  7448 | D:6      | Found Yleramam's Food Emporium.
  7761 | D:6      | Reached skill level 5 in Dodging
  8147 | D:7      | Reached skill level 7 in Necromancy
  8396 | D:7      | Noticed a centaur skeleton
  8420 | D:7      | Killed a centaur skeleton
  8420 | D:7      | Reached XP level 9. HP: 38/62 MP: 16/18
  8649 | D:7      | Found Qaserph's Armour Shoppe.
  8982 | D:8      | Noticed Maurice
  9025 | D:8      | Killed Maurice
  9025 | D:8      | Reached skill level 8 in Necromancy
  9803 | D:8      | Found a deep blue altar of Sif Muna.
 11187 | D:9      | Reached skill level 1 in Short Blades
 11331 | D:9      | Reached XP level 10. HP: 62/67 MP: 14/20
 11848 | D:9      | Acquired Ashenzari's first power
 12132 | D:10     | Entered Level 10 of the Dungeon
 12232 | D:10     | Killed an unseen horror
 12532 | D:10     | Found Pyceot's Demolitions Depot.
 12802 | D:10     | Reached skill level 5 in Fighting
 13115 | D:10     | Found a staircase to the Orcish Mines.
 13195 | D:10     | Reached skill level 9 in Dodging
 13207 | D:10     | Gained mutation: You have a pair of small antennae on your head. [potion of beneficial mutation]
 13208 | D:10     | Gained mutation: Your muscles are strong. (Str +2) [potion of beneficial mutation]
 13209 | D:10     | HP: 3/76 [poisoned by a killer bee]
 13211 | D:10     | HP: 1/76 [poisoned by a killer bee]
 13211 | D:10     | Slain by a killer bee

Action                   |  1- 3 |  4- 6 |  7- 9 | 10-12 || total
-------------------------+-------+-------+-------+-------++-------
Melee: Unarmed           |     2 |       |       |       ||     2
       Spear             |    15 |    31 |       |       ||    46
       Mace              |       |    11 |   180 |    40 ||   231
 Cast: Pain              |    55 |   167 |   276 |   124 ||   622
       Animate Skeleton  |     4 |     6 |    11 |     3 ||    24
       Animate Dead      |       |       |    10 |     6 ||    16
Evoke: Phial of floods   |       |       |       |     1 ||     1
  Use: Scroll            |       |     4 |     8 |     3 ||    15
       Potion            |       |     3 |     5 |     8 ||    16
 Stab: Sleeping          |       |       |     2 |       ||     2
  Eat: Chunk             |     4 |    10 |    20 |     5 ||    39
       Fruit             |       |       |     3 |     1 ||     4
       Pizza             |       |       |       |     1 ||     1
